Map: Lost and Found LE

Players

Kelazhur - Winner!

  • Race: Terran Terran
  • Spawn Location: 7:00

Has

  • Race: Protoss Protoss
  • Spawn Location: 1:00

Event: WCS Valencia 2018

VOD

Have the link to the VOD?

Description

Time

  • Played on: July 13, 2018, 2:08 p.m.
  • Length: 10:22

All games in this series

Show
View Real Time Build Order
Export as new Build Order

Kelazhur Terran - Winner!

Build Orders: Reaper Expand, MMM Bio, Banshee Rush 

Get SALT Encoding   

  12  0:00  SCV  
  13  0:12  SCV  
  14  0:16  Supply Depot  
  14  0:24  SCV  
  15  0:38  SCV  
  15  0:40  Barracks  
  16  0:43  Refinery  
  16  0:50  SCV  
  17  1:03  SCV  
  18  1:15  SCV  
  19  1:27  Reaper, Orbital Command  
  19  1:28  Supply Depot  
  20  1:32  Bunker  
  20  1:52  Command Center  
  20  1:55  SCV  
  20  2:00  Marine  
  22  2:09  SCV  
  22  2:13  Factory  
  23  2:19  Bunker  
  23  2:25  Barracks Reactor  
  23  2:27  Refinery  
  23  2:29  SCV  
  24  2:41  SCV  
  24  2:53  SCV  
  25  3:02  Widow Mine, Starport, Marine x2  
  25  3:05  SCV  
  30  3:06  Orbital Command  
  30  3:17  SCV  
  31  3:20  Marine x2  
  31  3:21  Engineering Bay  
  31  3:25  Factory Tech Lab  
  32  3:35  SCV, Orbital Command  
  32  3:38  Marine x2  
  35  3:48  SCV  
  36  3:53  Factory Tech Lab  
  36  3:56  Cloaking Field, Marine x2  
  36  4:00  SCV x2  
  42  4:08  Raven, Supply Depot  
  41  4:14  Bunker, SCV x2, Refinery  
  41  4:15  Marine x2  
  45  4:26  SCV  
  45  4:29  SCV, Siege Tank  
  50  4:32  Supply Depot  
  50  4:38  SCV  
  51  4:41  SCV  
  51  4:44  Marine x2  
  54  4:53  SCV  
  54  4:54  SCV  
  54  4:56  Banshee  
  54  4:57  Supply Depot  
  59  5:02  Marine x2  
  59  5:05  SCV  
  62  5:17  Bunker  
  62  5:18  SCV  
  62  5:19  Siege Tank  
  64  5:27  Barracks  
  64  5:28  Engineering Bay  
  64  5:29  Supply Depot, Barracks  
  64  5:34  SCV  
  60  5:39  SCV  
  59  5:45  Banshee  
  62  5:51  SCV, Siege Tank  
  62  5:53  SCV  
  67  6:02  Terran Infantry Weapons Level 1  
  67  6:04  SCV  
  67  6:05  Marine x2  
  69  6:14  SCV  
  69  6:17  SCV  
  71  6:24  Marine x2  
  73  6:27  SCV  
  73  6:30  Supply Depot  
  76  6:33  Stimpack, Refinery, Marauder  
  76  6:34  Factory Reactor  
  76  6:38  SCV  
  76  6:39  Supply Depot, SCV  
  78  6:41  Starport Reactor  
  78  6:51  Marine x2  
  78  6:52  Marauder  
  78  6:53  Supply Depot  
  82  6:56  Combat Shields, Marauder  
  84  7:03  Command Center  
  84  7:04  Supply Depot  
  84  7:07  Barracks  
  84  7:09  Barracks  
  84  7:12  Marine x2  
  84  7:13  Marauder  
  88  7:18  Marauder  
  88  7:19  Medivac  
  88  7:20  Medivac  
  88  7:22  Widow Mine  
  96  7:26  SCV x2  
  98  7:30  Supply Depot  
  98  7:32  Marine x2  
  98  7:35  Marauder  
  102  7:41  Marauder  
  104  7:46  Widow Mine x2  
  104  7:51  Medivac x2, Marine  
  109  7:56  Marauder  
  115  8:02  Barracks Tech Lab  
  115  8:03  Terran Infantry Armor Level 1, Barracks Reactor  
  115  8:05  Marine  
  117  8:06  Marauder  
  118  8:15  Widow Mine x2, Marine, Concussive Shells  
  118  8:18  Supply Depot x2  
  122  8:22  Orbital Command  
  119  8:33  Marauder x2  
  125  8:34  Marine, Marauder  
  125  8:38  Medivac x2  
  127  8:43  Marine x3  
  130  8:48  Supply Depot  
  130  8:49  Orbital Command  
  130  8:54  Missile Turret, Marauder x2  
  132  9:00  Armory, SCV  
  133  9:06  Marauder  
  133  9:08  Marine x2  
  137  9:10  Marine  
  137  9:14  Widow Mine x2  
  142  9:18  Marauder  
  142  9:20  Marine  
  131  9:26  SCV, Marauder  
  131  9:30  Orbital Command, Marauder  
  123  9:38  Marine  
  123  9:39  Marauder  
  115  9:52  Marine  
  108  9:53  Marine, Marauder  
  108  9:58  Marine  
Show
View Real Time Build Order
Export as new Build Order

Has Protoss 

Build Orders: Blink Stalkers 

Get SALT Encoding   

  12  0:08  Pylon  
  12  0:13  Probe  
  13  0:26  Gateway  
  13  0:29  Probe  
  14  0:42  Probe  
  15  0:43  Assimilator  
  15  0:54  Probe  
  15  0:55  Assimilator  
  16  1:06  Probe  
  17  1:12  Cybernetics Core  
  17  1:17  Pylon  
  17  1:18  Probe  
  18  1:26  Pylon  
  18  1:30  Probe  
  19  1:41  Adept  
  19  1:43  Probe  
  20  1:50  Warp Gate  
  22  1:55  Probe  
  23  2:07  Probe  
  23  2:08  Adept  
  24  2:13  Pylon  
  26  2:33  Nexus  
  26  2:46  Probe  
  26  2:48  Twilight Council  
  27  2:53  Stalker  
  27  2:55  Probe  
  29  3:03  Pylon  
  29  3:04  Probe  
  30  3:06  Blink  
  31  3:19  Pylon  
  31  3:23  Probe  
  31  3:24  Gateway  
  32  3:36  Probe  
  33  3:50  Gateway  
  33  3:51  Probe  
  33  3:52  Probe  
  35  4:02  Gateway  
  33  4:04  Probe  
  35  4:16  Stalker, Probe  
  37  4:20  Stalker, Probe  
  40  4:28  Probe  
  41  4:35  Probe  
  41  4:38  Stalker, Pylon  
  42  4:39  Stalker  
  42  4:44  Probe  
  47  4:47  Stalker, Probe  
  50  4:57  Stalker x2  
  54  5:01  Stalker  
  54  5:05  Probe x2  
  56  5:19  Probe  
  56  5:20  Adept x2  
  56  5:21  Adept  
  60  5:22  Probe  
  60  5:28  Probe  
  62  5:34  Probe  
  54  5:36  Probe  
  51  5:46  Probe  
  51  5:47  Gateway x2  
  51  5:48  Probe  
  53  5:53  Robotics Facility  
  53  5:55  Stalker  
  53  5:56  Stalker  
  56  5:59  Stalker  
  59  6:04  Probe x2  
  59  6:07  Assimilator  
  59  6:10  Shield Battery, Assimilator  
  60  6:17  Shield Battery, Probe  
  59  6:27  Probe  
  59  6:33  Observer  
  57  6:41  Probe x2  
  57  6:46  Pylon  
  58  6:53  Probe  
  59  7:02  Probe  
  59  7:03  Dark Shrine  
  59  7:05  Probe  
  59  7:08  Stalker x3  
  67  7:12  Pylon  
  67  7:17  Stalker  
  67  7:21  Probe  
  70  7:30  Pylon  
  70  7:40  Probe x2  
  70  7:44  Stalker x3  
  73  7:48  Pylon  
  73  7:51  Stalker x2, Pylon  
  81  8:00  Probe x2  
  81  8:01  Pylon  
  83  8:13  Nexus  
  83  8:17  Probe x2  
  85  8:25  Pylon  
  85  8:28  Pylon  
  85  8:30  Stalker x3  
  88  8:47  Gateway  
  88  8:53  Stalker x3  
  88  8:54  Stalker x2  
  89  9:15  Dark Templar x4  
  74  9:36  Stalker  
  56  9:47  Stalker x4  
Tags
 
Add a new tag
Caveats
  • Supply blocks, unpowered buildings, or Contaminate may cause inaccurate times.
  • Supply counts are checked every 10 seconds.